 Dungeon Crawl Stone Soup version 0.30.1 (webtiles) character file.

Game seed: 14532819627829270809

3479 Graphine the Blocker (level 10, -1/76 HPs)
             Began as a Formicid Fighter on July 3, 2023.
             Was a Priest of Elyvilon.
             Slain by an orc warrior
             ... wielding a +0 glaive
              (25 damage)
             ... in a bailey.
             The game lasted 00:16:40 (5760 turns).

Graphine the Blocker (Formicid Fighter)             Turns: 5760, Time: 00:16:42

Health: -1/76      AC: 10    Str: 25    XL:     10   Next: 27%
Magic:  15/16      EV: 10    Int:  8    God:    Elyvilon [***...]
Gold:   649        SH: 11    Dex: 13    Spells: 9/9 levels left

rFire   + . .        u - +1 battleaxe (distort)
rCold   . . .        c - +0 buckler
rNeg    . . .        e - +2 ring mail {rF+}
rPois   .            (helmet unavailable)
rElec   .            (no cloak)
rCorr   .            (no gloves)
SInv    +            (no boots)
Will    +....        n - amulet of reflection
Stlth   +            o - +4 ring of slaying
HPRegen 0.00/turn    (no ring)
MPRegen 0.15/turn

%: reflection
@: inhibited regen
A: permanent stasis, dig shafts and tunnels, antennae 3, four strong arms,
iridescent scales 1, inhibited regeneration
a: Dig, Renounce Religion, Purification, Heal Other, Heal Self


You were in a bailey.
You worshipped Elyvilon.
Elyvilon was most pleased with you.
You visited 1 branch of the dungeon, and saw 7 of its levels.
You also visited: Bailey.

You collected 649 gold pieces.

Inventory:

Hand Weapons
 u - a +1 battleaxe of distortion (weapon)
 y - the +10 trident "Kailis" {freeze, rN++ Str+2}
   (You found it on level 6 of the Dungeon)

   Str:       It affects your strength (+2).
   rN:        It greatly protects you from negative energy.
Armour
 c - a +0 buckler (worn)
 e - a +2 ring mail of fire resistance (worn)
 s - a +0 plate armour
Jewellery
 b - an amulet of regeneration
 i - a ring of wizardry
 n - an amulet of reflection (around neck)
 o - a +4 ring of slaying (left hand)
Wands
 h - a wand of mindburst (4) (quivered)
 v - a wand of roots (16)
Scrolls
 l - 3 scrolls of amnesia
Potions
 d - a potion of might
 f - a potion of resistance
 g - 2 potions of invisibility
 j - 3 potions of magic
 k - 2 potions of heal wounds
 m - 3 potions of curing
 p - 2 potions of flight
 q - 3 potions of lignification
 r - 3 potions of haste
 t - 3 potions of cancellation
 B - 2 potions of brilliance


   Skills:
 + Level 6.2 Fighting
 * Level 7.5 Axes
 + Level 6.3 Armour
 * Level 10.0 Shields
 * Level 8.0 Invocations


You had 9 spell levels left.
You didn't know any spells.
Your spell library contained the following spells:

 Spells                   Type           Power      Damage    Failure   Level
 Lesser Beckoning         Tloc           0%         N/A       73%         2
 Momentum Strike          Conj/Tloc      0%         3d8       73%         2
 Sublimation of Blood     Necr           0%         N/A       73%         2
 Ignite Poison            Fire/Tmut/Pois 0%         N/A       91%         3
 Cause Fear               Hex            0%         N/A       100%        4
 Petrify                  Tmut/Erth      0%         N/A       100%        4
 Sticky Flame             Conj/Fire      0%         2d3       100%        4
 Irradiate                Conj/Tmut      0%         3d11      100%        5
 Dragon Form              Tmut           0%         N/A       100%        7
 Ignition                 Fire           0%         3d3       100%        8
 Dragon's Call            Summ           0%         N/A       100%        9
 Blink                    Tloc           Unusable   N/A       N/A         2

Dungeon Overview and Level Annotations

Branches:
Dungeon (7/15)             Temple (0/1) D:6          Bailey (1/1)

Altars:
Ashenzari
Elyvilon
Fedhas
Gozag
Sif Muna
Vehumet

Shops:
D:4 :


Innate Abilities, Weirdness & Mutations

You cannot be hasted, slowed, berserked, paralysed or teleported.
You can dig through walls and to a lower floor.
You have a pair of large antennae on your head. (SInv)
Your four strong arms can wield two-handed weapons with a shield.
You are partially covered in iridescent scales. (AC +2)
You do not regenerate when monsters are visible.


Message History

The grasping roots constrict the orc warrior.
You hear a shout!
The roots release their grip on the orc knight.
Something unseen opens the huge gate.
The orc warrior escapes!
The orc barely misses you.
An orc warrior comes into view. It is wielding a +0 glaive.
Cleave: u) +1 battleaxe (distort)
Press: ? - help, Dir - move target, f - orc, p - orc warrior
Aim: an orc, wielding a +0 war axe (strong, about 37% to evade your +1 battleaxe of distortion)
The orc warrior shouts!
You slash the orc!
You kill the orc!
You block the orc warrior's attack.
An orc warrior comes into view. It is wielding a +0 glaive.
The orc warrior shouts!
You hear a shout!
You block the orc warrior's attack. x2
The orc knight hits you from afar with a +0 glaive!
Cleave: u) +1 battleaxe (distort)
Press: ? - help, Dir - move target, f - orc warrior
Aim: an orc warrior, wielding a +0 halberd and wearing a +0 plate armour (severely wounded, strong, about 37% to evade your +1 battleaxe of distortion)
You hit the orc warrior.
The orc warrior is devoured by a tear in reality.
The orc warrior hits you from afar with a +0 glaive!
The orc knight barely misses you.
The orc knight roars a battlecry!
You block the orc warrior's attack.
Your Invocations skill increases to level 8!
The orc knight hits you but does no damage.
The orc warrior hits you with a +0 glaive!
Cleave: u) +1 battleaxe (distort)
Press: ? - help, Dir - move target, f - orc knight
Aim: an orc knight, wielding a +0 glaive and wearing a +0 scale mail (translocational energy, lightly wounded, about 44% to evade your +1 battleaxe of distortion)
You slash the orc knight!
The orc knight is moderately wounded.
You barely miss the orc warrior. You miss the orc warrior.
The orc knight blinks!
An orc knight comes into view. It is wielding a +0 glaive.
The orc warrior hits you from afar with a +0 glaive!
The orc warrior hits you with a +0 glaive!!
You die...

...o...
#.....#
#'''''#
##.....##
#...)...#
#...o...#
#..o§)o.#
#..#@#..#
#..§.o..#
##.....##
##'''##
#.....#
#.....#
#.....#
#.....#
#.....#


You could see 2 orc knights and 3 orc warriors.

Vanquished Creatures
  The ghost of kij the Chopper, a novice MiBe of Trog (D:5)
  Grinder (D:5)
  A steam dragon (D:6)
  A water moccasin (D:7)
  A sky beast (D:6)
  5 orc warriors (Bailey)
  2 black bears (D:6)
  An ice beast (D:5)
  2 ogres (D:6)
  3 centaurs
  2 phantoms
  3 scorpions
  2 killer bees (D:7)
  3 hounds
  An orc priest (D:5)
  A gnoll bouda (D:5)
  A jelly (D:5)
  An iguana (D:5)
  2 sleepcaps
  7 orc wizards
  6 adders
  13 gnolls (D:5)
  A shadow imp (D:6)
  A white imp (D:5)
  An ufetubus (D:7)
  2 worms (D:2)
  2 dart slugs
  36 orcs
  7 ball pythons
  6 endoplasms
  4 giant cockroaches
  29 hobgoblins
  4 jackals (D:5)
  2 quokkas
  9 bats
  34 goblins
  13 kobolds
  7 rats
218 creatures vanquished.

Vanquished Creatures (others)
  A hound (D:5)
1 creature vanquished.

Grand Total: 219 creatures vanquished

Notes
Turn   | Place    | Note
-------+----------+-------------------------------------------
     0 | D:1      | Graphine the Formicid Fighter began the quest for the Orb.
     0 | D:1      | Reached XP level 1. HP: 18/18 MP: 1/1
    95 | D:1      | Reached XP level 2. HP: 24/24 MP: 2/2
   931 | D:1      | Reached XP level 3. HP: 29/29 MP: 3/3
  1331 | D:2      | Found a white marble altar of Elyvilon.
  1408 | D:2      | Became a worshipper of Elyvilon the Healer
  1579 | D:3      | Reached XP level 4. HP: 36/36 MP: 4/4
  1630 | D:3      | Found a radiant altar of Vehumet.
  1694 | D:3      | Reached skill level 1 in Invocations
  1858 | D:3      | Found a shimmering blue altar of Sif Muna.
  1896 | D:3      | Reached * piety under Elyvilon
  2045 | D:3      | Reached skill level 5 in Shields
  2045 | D:3      | Reached XP level 5. HP: 42/42 MP: 5/5
  2284 | D:4      | Reached XP level 6. HP: 48/48 MP: 7/7
  2306 | D:4      | Found Surofobb's Self-Improvement Boutique.
  2461 | D:4      | Reached ** piety under Elyvilon
  2702 | D:5      | Entered Level 5 of the Dungeon
  2702 | D:5      | Found a runed translucent gate.
  2704 | D:5      | Found a runed translucent gate.
  2704 | D:5      | Found a runed translucent gate.
  2704 | D:5      | Noticed kij's ghost (novice MiBe)
  2745 | D:5      | Killed kij's ghost
  2746 | D:5      | Reached skill level 6 in Shields
  2746 | D:5      | Reached XP level 7. HP: 23/55 MP: 9/9
  2873 | D:5      | Reached XP level 8. HP: 19/61 MP: 11/11
  3005 | D:5      | Reached skill level 7 in Shields
  3085 | D:5      | Reached skill level 5 in Axes
  3236 | D:5      | Reached *** piety under Elyvilon
  3266 | D:5      | Found a broken altar of Ashenzari.
  3360 | D:5      | Found a blossoming altar of Fedhas.
  3559 | D:5      | Reached skill level 5 in Invocations
  3587 | D:5      | Noticed Grinder
  3594 | D:5      | Killed Grinder
  3595 | D:5      | Reached skill level 5 in Fighting
  3595 | D:5      | Reached skill level 5 in Armour
  4070 | D:5      | Reached XP level 9. HP: 68/68 MP: 13/13
  4376 | D:6      | Found an opulent altar of Gozag.
  4416 | D:6      | Found a staircase to the Ecumenical Temple.
  4463 | D:6      | Reached skill level 8 in Shields
  4722 | D:6      | Identified the +10 trident "Kailis" {freeze, rN++ Str+2}
  4780 | D:6      | Reached skill level 9 in Shields
  5010 | D:6      | Identified a scroll of acquirement
  5010 | D:6      | Acquired a +0 battleaxe of distortion
  5209 | D:7      | Reached XP level 10. HP: 66/76 MP: 15/15
  5265 | D:7      | Found a flagged portal.
  5282 | Bailey   | Entered a bailey
  5506 | Bailey   | HP: 3/76 [orc warrior/+0 glaive (16)]
  5522 | Bailey   | Reached skill level 10 in Shields
  5745 | Bailey   | Gained mutation: You occasionally lose the ability to drink
                  | potions when taking damage. [potion of mutation]
  5745 | Bailey   | Gained mutation: Your mind is acute. (Int +4, Str/Dex -1)
                  | [potion of mutation]
  5746 | Bailey   | Lost mutation: Your mind is acute. (Int +4, Str/Dex -1)
                  | [potion of mutation]
  5746 | Bailey   | Lost mutation: You occasionally lose the ability to drink
                  | potions when taking damage. [potion of mutation]
  5746 | Bailey   | Gained mutation: You are partially covered in iridescent
                  | scales. (AC +2) [potion of mutation]
  5746 | Bailey   | Gained mutation: You do not regenerate when monsters are
                  | visible. [potion of mutation]
  5749 | Bailey   | Noticed an orc knight
  5760 | Bailey   | Noticed an orc knight
  5760 | Bailey   | Slain by an orc warrior

Illustrated notes

Levels and vault maps discovered:
D:1:      dpeg_arrival_arbitrary_a, layout_loops_corners, due_unseen_surprise
D:2:      layout_loops_ring, basic_altar
D:3:      layout_loops_cross, general_overflow_altar, vehumet_crystals,
          solitary_fountain
D:4:      layout_rooms, nicolae_shop_self_help
D:5:      minmay_goblin_kobold_castle, layout_loops_ring,
          mainiacjoe_overflow_alcove_2, nicolae_ashenzari_panopticon,
          gammafunk_ghost_split, uniq_grinder
D:6:      layout_rooms, nicolae_gozag_cash_rules_everything_around_me,
          temple_green, minmay_quadrilaterals
D:7:      layout_basic, gammafunk_temple_overflow_elements,
          overflow_temple_1_default, kennysheep_mini, enter_bailey_2,
          hangedman_decor_diamond_cutter
Bailey:   bailey_polearm_5, bailey

Skill      XL: |  1  2  3  4  5  6  7  8  9 10 |
---------------+-------------------------------+-----
Axes           | 3 4 5 7 |  7.5
Invocations    | 1 2 3 4 5 7 8 |  8.0
Shields        | 5 6 7 9 10 | 10.0
Fighting       | 4 5 6 |  6.2
Armour         | 4 5 6 |  6.3

Action                     |  1- 3 |  4- 6 |  7- 9 | 10-12 || total
---------------------------+-------+-------+-------+-------++-------
  Melee: War axe           |   104 |   109 |   197 |       ||   410
         Battleaxe         |       |       |    35 |    40 ||    75
         Trident           |       |       |    14 |       ||    14
 Invoke: Heal Self         |       |       |       |     5 ||     5
Ability: Dig               |     4 |     2 |       |       ||     6
  Evoke: Wand              |       |       |     2 |     3 ||     5
    Use: Scroll            |     4 |     8 |     7 |     3 ||    22
         Potion            |       |     1 |       |     2 ||     3
 Armour: Scale mail        |     9 |       |       |       ||     9
         Ring mail         |    31 |    39 |    85 |    24 ||   179
  Dodge: Dodged            |    64 |    53 |   101 |    45 ||   263
  Block: Buckler           |    37 |    31 |   131 |    62 ||   261
         Reflection        |       |       |    17 |       ||    17
